 Dungeon Crawl Stone Soup version 0.27.1 (webtiles) character file.

Game seed: 2454234392509767033

7 hawla the Sneak (level 1, -3/13 HPs)
             Began as a Deep Elf Delver on Aug 24, 2021.
             Slain by a kobold (4 damage)
             ... on level 1 of the Dungeon.
             The game lasted 00:05:09 (719 turns).

hawla the Sneak (Deep Elf Delver)                    Turns: 719, Time: 00:05:10

Health: -3/13      AC:  3    Str:  9    XL:     1   Next: 83%
Magic:  3/3        EV: 12    Int: 14    God:
Gold:   13         SH:  0    Dex: 16    Spells: 0/0 levels left

rFire    + . .     SeeInvis .   a - +0 short sword
rCold    . . .     Faith    .   (no shield)
rNeg     . . .     Spirit   .   b - +0 leather armour
rPois    .         Reflect  .   (no helmet)
rElec    .         Harm     .   (no cloak)
rCorr    .         Rampage  .   (no gloves)
Will     .....                  (no boots)
Stlth    +++.......             (no amulet)
HPRegen  0.04/turn              e - ring of protection from fire
MPRegen  0.08/turn              (no ring)

@: no status effects
A: no striking features
a: no special abilities


You were on level 1 of the Dungeon.
You visited 1 branch of the dungeon, and saw 5 of its levels.

You collected 13 gold pieces.

Inventory:

Hand Weapons
 a - a +0 short sword (weapon)
Armour
 b - a +0 leather armour (worn)
Jewellery
 e - a ring of protection from fire (left hand)
Wands
 g - a wand of digging (2)
Scrolls
 c - a scroll of fog


   Skills:
 + Level 2.7 Fighting
 + Level 2.0 Short Blades
 + Level 2.4 Dodging
 + Level 6.2 Stealth


You couldn't memorise any spells.
You didn't know any spells.
Your spell library contained the following spells:

 Spells                   Type           Power      Damage    Failure   Level
 Sublimation of Blood     Necr           0%         N/A       52%         2
 Petrify                  Tmut/Erth      0%         N/A       99%         4
 Sticky Flame             Conj/Fire      0%         2d3       99%         4
 Irradiate                Conj/Tmut      0%         3d13      100%        5
 Conjure Ball Lightning   Conj/Air       0%         3x3d6     100%        6
 Lehudib's Crystal Spear  Conj/Erth      0%         10d2      100%        8


Dungeon Overview and Level Annotations

Branches:
Dungeon (5/15)
 Temple: D:4-7

Altars:

Annotations:
D:2 Terence


Message History

Okay, then.
You're too inexperienced to learn that spell!
You see here a bat corpse.
A quokka comes into view.
Found a book of Alchemy.
A kobold comes into view. It is wielding a +0 short sword.
You see here a book of Alchemy.
You pick up a book of Alchemy and begin reading...
You add the spells Sublimation of Blood, Petrify and Irradiate to your library.
You barely miss the kobold. You barely miss the kobold.
The kobold hits you but does no damage.
You closely miss the kobold. The kobold barely misses you.
You hit the kobold but do no damage.
The kobold hits you with a +0 short sword.
You hit the kobold but do no damage.
The kobold hits you with a +0 short sword.
As you read the scroll labelled HAESY UCHA, it crumbles to dust.
It is a scroll of identify.
You don't have any unidentified items.
The kobold hits you with a +0 short sword.
* * * LOW HITPOINT WARNING * * *
You aren't carrying any potions.
You see here a bat corpse.
You see here a bat corpse.
You aren't carrying any potions.
Unknown command.
Okay, then.
You see here a bat corpse.
You see here a bat skeleton.
A frilled lizard comes into view.
You closely miss the kobold. The kobold misses you.
You barely miss the kobold.
The kobold hits you with a +0 short sword.
* * * LOW HITPOINT WARNING * * *
You barely miss the kobold. The kobold closely misses you.
You hit the kobold.
The kobold is severely wounded.
The frilled lizard hisses angrily.
The kobold hits you with a +0 short sword.
You die...

## #.. #.# #.#
## #.#### #.#
##.รท># #.##
##.##K###.#
##.###.###.@.l.#
#...#.## #######
#.##.## #.##.#
#.##.# #.##.#
#.##.# #.##.#
#.#..#


You could see a kobold and a frilled lizard.

Vanquished Creatures
  3 bats
  An endoplasm (D:4)
  A goblin (D:2)
  A hobgoblin (D:2)
6 creatures vanquished.

Vanquished Creatures (others)
  A fungus (D:2)
1 creature vanquished.

Grand Total: 7 creatures vanquished

Notes
Turn   | Place    | Note
-------+----------+-------------------------------------------
     0 | D:5      | hawla the Deep Elf Delver began the quest for the Orb.
     0 | D:5      | Reached XP level 1. HP: 13/13 MP: 3/3
    44 | D:4      | Got Loeppyaj's Handbook of Aerial Arcane Weapons
   122 | D:2      | Noticed Terence
   719 | D:1      | Slain by a kobold

Illustrated notes

Levels and vault maps discovered:
D:1:      nagdon_arrival_double_spiral, layout_loops_ring,
          hellmonk_ecumenical_altar_arch_garden, chequers_mini_garden,
          minmay_misc_feat_ornament
D:2:      layout_basic, uniq_crazy_yiuf_cottage, uniq_jessica, uniq_terence
D:3:      layout_basic, okawaru_metal_pillars_1_2,
          nicolae_hepliaklqana_monster_ancestors,
          mainiacjoe_overflow_large_starburst, biasface_ghost_orc_armoury,
          minmay_goblin_kobold_house, uniq_sigmund
D:4:      layout_gridville, trog_butcher_becter
D:5:      layout_layer_cave, nicolae_ru_great_annihilating_truth,
          nicolae_uskayaw_suspiria, abandoned_shop, uniq_duvessa

Action                   || total
-------------------------++-------
Melee: Short sword       ||    41
Evoke: Wand              ||     1
  Use: Scroll            ||     3
       Potion            ||     1
 Stab: Sleeping          ||     3
Armor: Leather armour    ||    17
Dodge: Dodged            ||    34
